MLB
NEW YORK METS @ MIAMI MARLINS
08/21/2044
 
TOP OF THE 1ST
New York Mets batting - Pitching for Miami Marlins : RHP John Dinsmore
Pitching: RHP John Dinsmore
Batting: SHB Javy Rosa 0-0: Ground out 4-3 (Groundball, 4, EV 94.4 MPH)
Batting: SHB Lewis Thorpe Jr. 0-0: Called Strike
0-1: Ball
1-1: Foul Ball, location: 2F
1-2: Foul Ball, location: 2F
1-2: Ball
2-2: Ball
3-2: Foul Ball, location: 2F
3-2: Base on Balls
Batting: SHB Jonathan Jenkins 0-0: Ball
1-0: Grounds into double play, 5-4-3 (Groundball, 5, EV 84.4 MPH)
Top of the 1st over - 0 runs, 0 hits, 0 errors, 0 left on base; New York 0 - Miami 0
BOTTOM OF THE 1ST
Miami Marlins batting - Pitching for New York Mets : LHP Jose Vega
Pitching: LHP Jose Vega
Batting: RHB Jeff Garofalo 0-0: Swinging Strike
0-1: Swinging Strike
0-2: Ball
1-2: Foul Ball, location: 2F
1-2: Strikes out swinging
Batting: RHB Justin Huff 0-0: Called Strike
0-1: Foul Ball, location: 2F
0-2: Ground out 1-3 (Groundball, 34S, EV 76.3 MPH)
Batting: LHB Andre Gorter 0-0: Ball
1-0: Fly out, F6 (Popup, 4MS, EV 76.9 MPH)
Bottom of the 1st over - 0 runs, 0 hits, 0 errors, 0 left on base; New York 0 - Miami 0
TOP OF THE 2ND
New York Mets batting - Pitching for Miami Marlins : RHP John Dinsmore
Batting: SHB Gus Berry 0-0: Ball
1-0: Called Strike
1-1: Foul Ball, location: 2F
1-2: Ground out 2-3 (Groundball, 13S, EV 66.3 MPH)
Batting: SHB Kaname Fujimoto 0-0: Ball
1-0: Called Strike
1-1: Swinging Strike
1-2: Ground out U3 (Groundball, 34S, EV 91.3 MPH)
Batting: LHB Timo Gomez 0-0: Ball
1-0: Called Strike
1-1: Foul Ball, location: 2F
1-2: Foul Ball, location: 2F
1-2: Foul Ball, location: 2F
1-2: Ball
2-2: Strikes out swinging
Top of the 2nd over - 0 runs, 0 hits, 0 errors, 0 left on base; New York 0 - Miami 0
BOTTOM OF THE 2ND
Miami Marlins batting - Pitching for New York Mets : LHP Jose Vega
Batting: RHB Jimmy Groseclose 0-0: Ball
1-0: Called Strike
1-1: Ball
2-1: Fly out, F8 (Flyball, 8RS, EV 89.4 MPH)
Batting: RHB Greg Herzig 0-0: Called Strike
0-1: Ball
1-1: Fly out, F9 (Flyball, 89S, EV 85.0 MPH)
Batting: RHB Steve Barnard 0-0: Ball
1-0: Ball
2-0: Foul Ball, location: 2F
2-1: Foul Ball, location: 2F
2-2: Strikes out looking
Bottom of the 2nd over - 0 runs, 0 hits, 0 errors, 0 left on base; New York 0 - Miami 0
TOP OF THE 3RD
New York Mets batting - Pitching for Miami Marlins : RHP John Dinsmore
Batting: SHB Tomas Caldera 0-0: Foul Ball, location: 2F
0-1: Ball
1-1: Ball
2-1: Ground out 6-3 (Groundball, 6M, EV 83.1 MPH)
Batting: SHB Scott Scott 0-0: Ball
1-0: Ground out 4-3 (Groundball, 4MD, EV 88.1 MPH)
Batting: SHB Scott Bartholomew 0-0: Ball
1-0: Called Strike
1-1: Swinging Strike
1-2: Fly out, F8 (Line Drive, 8RM, EV 90.0 MPH)
Top of the 3rd over - 0 runs, 0 hits, 0 errors, 0 left on base; New York 0 - Miami 0
BOTTOM OF THE 3RD
Miami Marlins batting - Pitching for New York Mets : LHP Jose Vega
Batting: LHB Mike Kara 0-0: Ball
1-0: Called Strike
1-1: Foul Ball, location: 2F
1-2: Foul Ball, location: 2F
1-2: Ball
2-2: Strikes out swinging
Batting: RHB Tommy Hughes 0-0: Called Strike
0-1: Ball
1-1: Foul Ball, location: 2F
1-2: Ball
2-2: Ball
3-2: DOUBLE (Line Drive, 7LS, EV 94.4 MPH)
Batting: RHB Eric Jordan 0-0: Ball
1-0: SINGLE (Groundball, 34D, EV 98.8 MPH)
Tommy Hughes to third
Runner from 3rd tries for Home, SAFE, throw by RF to home
Batting: RHB Jeff Garofalo 0-0: Called Strike
0-1: Grounds into double play, 5-4-3 (Groundball, 5, EV 98.8 MPH)
Bottom of the 3rd over - 1 run, 2 hits, 0 errors, 0 left on base; New York 0 - Miami 1
TOP OF THE 4TH
New York Mets batting - Pitching for Miami Marlins : RHP John Dinsmore
Batting: SHB Javy Rosa 0-0: Ball
1-0: Fly out, F9 (Flyball, 89D, EV 97.5 MPH)
Batting: SHB Lewis Thorpe Jr. 0-0: SINGLE (Line Drive, 34D, EV 96.9 MPH)
Batting: SHB Jonathan Jenkins 0-0: Ball
1-0: Swinging Strike
1-1: Ball
2-1: Foul Ball, location: 2F
2-2: Grounds into double play, 5-4-3 (Groundball, 56, EV 80.0 MPH)
Top of the 4th over - 0 runs, 1 hit, 0 errors, 0 left on base; New York 0 - Miami 1
BOTTOM OF THE 4TH
Miami Marlins batting - Pitching for New York Mets : LHP Jose Vega
Batting: RHB Justin Huff 0-0: Called Strike
0-1: Called Strike
0-2: DOUBLE (Groundball, 5L, EV 103.1 MPH)
Batting: LHB Andre Gorter 0-0: Ball
1-0: Ball
2-0: Ball
3-0: Base on Balls
Batting: RHB Jimmy Groseclose 0-0: Called Strike
0-1: Swinging Strike
0-2: Ball
1-2: Ball
2-2: Fly out, F9 (Flyball, 9, EV 84.4 MPH)
Batting: RHB Greg Herzig 0-0: Called Strike
0-1: 3-RUN HOME RUN (Flyball, 8RXD, EV 100.0 MPH), Distance : 425 ft
Batting: RHB Steve Barnard 0-0: Ball
1-0: Swinging Strike
1-1: Foul Ball, location: 2F
1-2: Strikes out swinging
Batting: LHB Mike Kara 0-0: Ball
1-0: Fly out, F7 (Line Drive, 7, EV 93.8 MPH)
Bottom of the 4th over - 3 runs, 2 hits, 0 errors, 0 left on base; New York 0 - Miami 4
TOP OF THE 5TH
New York Mets batting - Pitching for Miami Marlins : RHP John Dinsmore
Batting: SHB Gus Berry 0-0: Ball
1-0: Called Strike
1-1: Called Strike
1-2: Foul Ball, location: 2F
1-2: Strikes out looking
Batting: SHB Kaname Fujimoto 0-0: Foul Ball, location: 2F
0-1: Ground out 5-3 (Groundball, 5L, EV 98.8 MPH)
Batting: LHB Timo Gomez 0-0: Fly out, F6 (Popup, 4M, EV 73.8 MPH)
Top of the 5th over - 0 runs, 0 hits, 0 errors, 0 left on base; New York 0 - Miami 4
BOTTOM OF THE 5TH
Miami Marlins batting - Pitching for New York Mets : LHP Jose Vega
Batting: RHB Tommy Hughes 0-0: Ball
1-0: Foul Ball, location: 2F
1-1: Ball
2-1: Hit by Pitch
Batting: RHB Eric Jordan 0-0: Ball
1-0: Ball
2-0: Foul Ball, location: 2F
2-1: Foul Ball, location: 2F
2-2: Fly out, F3 (Popup, 3F, EV 65.0 MPH)
Batting: RHB Jeff Garofalo 0-0: Called Strike
0-1: Foul Ball, location: 2F
0-2: Ball
1-2: Fly out, F7 (Line Drive, 7, EV 94.4 MPH)
Batting: RHB Justin Huff 0-0: Swinging Strike
0-1: Called Strike
0-2: Ball
1-2: Ball
2-2: Foul Ball, location: 2F
2-2: SINGLE (Flyball, 56D, EV 87.5 MPH)
Tommy Hughes to second
Batting: LHB Andre Gorter 0-0: Ground out 4-3 (Groundball, 4, EV 83.8 MPH)
Bottom of the 5th over - 0 runs, 1 hit, 0 errors, 2 left on base; New York 0 - Miami 4
TOP OF THE 6TH
New York Mets batting - Pitching for Miami Marlins : RHP John Dinsmore
Batting: SHB Tomas Caldera 0-0: Fly out, F9 (Line Drive, 9S, EV 91.9 MPH)
Batting: SHB Scott Scott 0-0: Ball
1-0: Ground out 4-3 (Groundball, 4, EV 108.8 MPH)
Batting: SHB Scott Bartholomew 0-0: Ball
1-0: Ball
2-0: Ground out 3-1 (Groundball, 34, EV 95.0 MPH)
Top of the 6th over - 0 runs, 0 hits, 0 errors, 0 left on base; New York 0 - Miami 4
BOTTOM OF THE 6TH
Miami Marlins batting - Pitching for New York Mets : LHP Jose Vega
Batting: RHB Jimmy Groseclose 0-0: Called Strike
0-1: Ball
1-1: Swinging Strike
1-2: Ball
2-2: Foul Ball, location: 2F
2-2: Strikes out swinging
Batting: RHB Greg Herzig 0-0: Foul Ball, location: 2F
0-1: Foul Ball, location: 2F
0-2: Ball
1-2: Strikes out swinging
Batting: RHB Steve Barnard 0-0: Ball
1-0: SINGLE (Flyball, 8RS, EV 98.8 MPH)
Pitching: RHP David Matheney
Batting: LHB Mike Kara 0-0: Ground out 1-3 (Groundball, P, EV 71.9 MPH)
Bottom of the 6th over - 0 runs, 1 hit, 0 errors, 1 left on base; New York 0 - Miami 4
TOP OF THE 7TH
New York Mets batting - Pitching for Miami Marlins : RHP John Dinsmore
Batting: SHB Javy Rosa 0-0: Ball
1-0: Ball
2-0: Foul Ball, location: 2F
2-1: Swinging Strike
2-2: Foul Ball, location: 2F
2-2: Fly out, F6 (Popup, 6, EV 52.5 MPH)
Batting: SHB Lewis Thorpe Jr. 0-0: Ball
1-0: Ball
2-0: Called Strike
2-1: Ball
3-1: SINGLE (Groundball, 4MD, EV 100.6 MPH)
Batting: SHB Jonathan Jenkins 0-0: Ball
1-0: 2-RUN HOME RUN (Flyball, 9D, EV 96.3 MPH), Distance : 391 ft
Batting: SHB Gus Berry 0-0: Called Strike
0-1: Ball
1-1: Fly out, F7 (Flyball, 7, EV 88.8 MPH)
Batting: SHB Kaname Fujimoto 0-0: Called Strike
0-1: Ball
1-1: Called Strike
1-2: Strikes out looking
Top of the 7th over - 2 runs, 2 hits, 0 errors, 0 left on base; New York 2 - Miami 4
BOTTOM OF THE 7TH
Miami Marlins batting - Pitching for New York Mets : RHP David Matheney
Batting: RHB Tommy Hughes 0-0: Called Strike
0-1: Foul Ball, location: 2F
0-2: Ball
1-2: Ball
2-2: SINGLE (Line Drive, 4M, EV 99.4 MPH)
Batting: RHB Eric Jordan 0-0: Called Strike
0-1: Ball
1-1: Ball
2-1: Foul Ball, location: 2F
2-2: Foul Ball, location: 2F
2-2: DOUBLE (Line Drive, 9LM, EV 112.5 MPH)
Tommy Hughes to third
Runner from 3rd tries for Home, throw by RF and OUT! 9-4-2
Batting: RHB Jeff Garofalo 0-0: Intentional Walk
Batting: RHB Justin Huff 0-0: Called Strike
0-1: Ball
1-1: Foul Ball, location: 2F
1-2: Fly out, F8 (Flyball, 89D, EV 105.6 MPH)
Batting: LHB Andre Gorter 0-0: Called Strike
0-1: Ball
1-1: Foul Ball, location: 2F
1-2: Ball
2-2: Foul Ball, location: 2F
2-2: Fly out, F7 (Flyball, 7D, EV 93.1 MPH)
Bottom of the 7th over - 0 runs, 2 hits, 0 errors, 2 left on base; New York 2 - Miami 4
TOP OF THE 8TH
New York Mets batting - Pitching for Miami Marlins : RHP John Dinsmore
Batting: LHB Timo Gomez 0-0: Foul Ball, location: 2F
0-1: Ball
1-1: Swinging Strike
1-2: Strikes out swinging
Pinch Hitting: SHB Sean Cook 0-0: Ball
1-0: Swinging Strike
1-1: Ball
2-1: Called Strike
2-2: Ground out 6-3 (Groundball, 6M, EV 77.5 MPH)
Batting: SHB Scott Scott 0-0: Called Strike
0-1: Foul Ball, location: 2F
0-2: Ball
1-2: Ball
2-2: Strikes out swinging
Top of the 8th over - 0 runs, 0 hits, 0 errors, 0 left on base; New York 2 - Miami 4
BOTTOM OF THE 8TH
Miami Marlins batting - Pitching for New York Mets : RHP David Matheney
Pitching: LHP Chris Thurner
Now at 3B: Melchor Sovrivilla
Batting: RHB Jimmy Groseclose 0-0: Swinging Strike
0-1: Swinging Strike
0-2: Ball
1-2: Ground out 5-3 (Groundball, 56S, EV 87.5 MPH)
Batting: RHB Greg Herzig 0-0: Foul Ball, location: 2F
0-1: Ball
1-1: Ball
2-1: Swinging Strike
2-2: Strikes out swinging
Batting: RHB Steve Barnard 0-0: Called Strike
0-1: Ball
1-1: Called Strike
1-2: Ball
2-2: Strikes out swinging
Bottom of the 8th over - 0 runs, 0 hits, 0 errors, 0 left on base; New York 2 - Miami 4
TOP OF THE 9TH
New York Mets batting - Pitching for Miami Marlins : RHP John Dinsmore
Pitching: RHP Ian Newman
Batting: SHB Scott Bartholomew 0-0: Ball
1-0: Called Strike
1-1: Called Strike
1-2: Strikes out looking
Batting: SHB Javy Rosa 0-0: Called Strike
0-1: Ball
1-1: Ground out 6-3 (Groundball, 6, EV 84.4 MPH)
Batting: SHB Lewis Thorpe Jr. 0-0: Ball
1-0: Ball
2-0: Foul Ball, location: 2F
2-1: Ball
3-1: SINGLE (Groundball, 6S, EV 75.6 MPH) (infield hit)
Batting: SHB Jonathan Jenkins 0-0: Ball
Wild Pitch!
Lewis Thorpe Jr. to second
1-0: Called Strike
1-1: SINGLE (Groundball, 6S, EV 72.5 MPH) (infield hit)
Lewis Thorpe Jr. to third
Batting: SHB Gus Berry 0-0: Foul Ball, location: 2F
0-1: Ball
1-1: Foul Ball, location: 2F
1-2: Foul Ball, location: 2F
1-2: Ball
2-2: Ball
3-2: Base on Balls
Jonathan Jenkins to second
Batting: SHB Kaname Fujimoto 0-0: Swinging Strike
0-1: Ball
1-1: Foul Ball, location: 2F
1-2: Ball
2-2: Fly out, F7 (Flyball, 7S, EV 86.3 MPH)
Top of the 9th over - 0 runs, 2 hits, 0 errors, 3 left on base; New York 2 - Miami 4
Thursday, March 31st , 2022 - OOTP Baseball 22.12 Build 89